 Dungeon Crawl Stone Soup version 0.14-b1-61-g429ec3a (webtiles) character file.

359 one1010 the Covered (level 5, 0/42 (45) HPs)
             Began as a Mountain Dwarf Paladin on Apr 6, 2015.
             Was a Follower of the Shining One.
             Slain by a gnoll
             ... wielding a +0,+0 halberd
              (8 damage)
             ... on Level 3 of the Dungeon.
             The game lasted 00:17:15 (2256 turns).

one1010 the Covered (Mountain Dwarf Paladin)        Turns: 2256, Time: 00:17:15

HP   0/42 (45)   AC 11     Str 20      XL: 5   Next: 86%
MP   3/3         EV  5     Int  8      God: the Shining One [*.....]
Gold 111         SH 18     Dex 10      Spells:  0 memorised,  4 levels left

rFire  . . .     SeeInvis .     e - +0 mace
rCold  . . .     Clarity  .     o - +0 chain mail
rNeg   . . .     Conserve .     c - +0 shield
rPois  .         rCorr    .     (no helmet)
rElec  .                        rSlow .
                                (no cloak)
SustAb . .       Spirit   .     (no gloves)
rMut   .         Warding  .     h - +1 pair of boots
Saprov . . .     Stasis   .     (no amulet)
MR     .....                    (no ring)
                                (no ring)

@: glowing, not resistant to hostile enchantments, extremely unstealthy
A: no striking features
a: Renounce Religion


You were on level 3 of the Dungeon.
You worshipped the Shining One.
The Shining One was aware of your devotion.
You were not hungry.

You visited 1 branch of the dungeon, and saw 3 of its levels.

You collected 111 gold pieces.

Inventory:

Hand weapons
 e - a +0,+0 mace (weapon)
Armour
 c - a +0 shield (worn)
 h - a +1 pair of boots (worn)
 o - a +0 chain mail (worn)
Comestibles
 f - 4 bread rations
 i - 3 chokos
 j - 2 meat rations
Scrolls
 b - a scroll of identify
 g - a scroll of remove curse
Potions
 d - a potion of curing
Miscellaneous
 k - a plain deck of destruction


   Skills:
 * Level 3.6 Fighting
   Level 2.2 Long Blades
 * Level 3.1 Maces & Flails
 * Level 4.4 Armour
 + Level 1.8 Dodging
 + Level 3.8 Shields
 + Level 1.9 Invocations


You had 4 spell levels left.
You didn't know any spells.

Dungeon Overview and Level Annotations

Branches:
Dungeon (3/15)

Altars:
Dithmenos
Nemelex Xobeh


Message History

You kill the gnoll!
The gnoll hits you with a flail.
You hit the gnoll.
The gnoll is moderately wounded.
The gnoll hits you from afar with a halberd.
You block the gnoll's attack.
Your shield prevents you from hitting the gnoll.
The gnoll is moderately wounded.
The gnoll hits you from afar with a halberd.
The gnoll hits you but does no damage.
Your chain mail prevents you from hitting the gnoll.
The gnoll is moderately wounded.
The gnoll hits you from afar with a halberd!
The gnoll hits you with a flail. The gnoll barely misses you.
You hit the gnoll but do no damage.
The gnoll is moderately wounded.
The gnoll hits you with a flail.
* * * LOW HITPOINT WARNING * * *
The gnoll hits you from afar with a halberd!
You die...

%..........>#
#.#
#........##(#
#.#
###########.#
#.# #.# #.#
#.# #.# #.#
#g# #.# #g#
#.# #g# #.#
#@# #.####.#
#.#....#
#...####
###.# #.# ###


You could see 3 gnolls.

Vanquished Creatures
  The ghost of casual the Shield-Bearer, an average MDPa of the Shining One (D:3)
  An adder (D:2)
  A gnoll (D:3)
  A worm (D:2)
  A giant mite (D:2)
  3 giant geckos
  An ooze (D:2)
  A ball python (D:1)
  3 giant cockroaches
  12 hobgoblins
  4 jackals (D:1)
  5 kobolds
  3 quokkas (D:3)
  13 bats
  A giant newt (D:2)
  8 goblins
  11 rats
70 creatures vanquished.

Notes
Turn   | Place    | Note
--------------------------------------------------------------
     0 | D:1      | one1010, the Mountain Dwarf Paladin, began the quest for the Orb.
     0 | D:1      | Reached XP level 1. HP: 18/18 MP: 1/1
    87 | D:1      | Acquired the Shining One's first power
   176 | D:1      | Reached XP level 2. HP: 25/25 MP: 1/1
   694 | D:1      | Reached skill level 3 in Shields
   768 | D:1      | Reached XP level 3. HP: 30/30 MP: 2/2
   869 | D:2      | Reached skill level 1 in Maces & Flails
   900 | D:2      | Reached skill level 1 in Dodging
  1241 | D:2      | Found a shadowy altar of Dithmenos.
  1501 | D:2      | Reached XP level 4. HP: 37/37 MP: 3/3
  1762 | D:3      | Found a sparkling altar of Nemelex Xobeh.
  1996 | D:3      | Noticed casual's ghost (average MDPa)
  2031 | D:3      | Killed casual's ghost
  2031 | D:3      | Reached skill level 4 in Armour
  2031 | D:3      | Reached XP level 5. HP: 22/42 MP: 3/3
  2256 | D:3      | Slain by a gnoll

Action                   |  1- 3 |  4- 6 || total
-------------------------+-------+-------++-------
Melee: Falchion          |    18 |       ||    18
       Mace              |   122 |    94 ||   216
  Use: Scroll            |     7 |       ||     7
       Potion            |       |     3 ||     3
